 Dungeon Crawl Stone Soup version 0.18-a0-514-ga7d9996 (webtiles) character file.

884 Mindmaker the Chopper (level 7, 0/62 HPs)
             Began as a Deep Dwarf Fighter on Dec 3, 2015.
             Slain by an ogre
             ... wielding a +0 giant club
              (13 damage)
             ... on level 4 of the Dungeon.
             The game lasted 00:14:57 (3032 turns).

Mindmaker the Chopper (Deep Dwarf Fighter)          Turns: 3032, Time: 00:14:57

Health: 0/62       AC:  7    Str: 20    XL:     7   Next: 76%
Magic:  7/7        EV: 13    Int:  8    God:
Gold:   230        SH:  5    Dex: 14    Spells: 0 memorised, 6 levels left

rFire  . . .     SeeInvis .     a - +0 war axe
rCold  + . .     Clarity  .     j - +1 leather armour {rC+}
rNeg   . . .     SustAt   .     l - +0 buckler
rPois  +         Gourm    .     (no helmet)
rElec  .         Spirit   .     (no cloak)
rCorr  .         Dismiss  .     (no gloves)
rMut   .         Stasis   .     (no boots)
MR     +....                    (no amulet)
Stlth  +.........               v - ring of poison resistance
                                x - +3 ring of protection

@: non-regenerating, somewhat resistant to hostile enchantments, very unstealthy
A: damage resistance, recharge devices, sense surroundings 1, slow regeneration
3
a: Device Recharging


You were on level 4 of the Dungeon.
You were not hungry.

You visited 2 branches of the dungeon, and saw 5 of its levels.

You collected 230 gold pieces.

Inventory:

Hand Weapons
 a - a +0 war axe (weapon)
Missiles
 r - 6 steel tomahawks (quivered)
 s - 7 tomahawks
Armour
 j - a +1 leather armour of cold resistance (worn)
 l - a +0 buckler (worn)
Jewellery
 i - an uncursed ring of ice
 k - an uncursed ring of protection from cold
 v - a ring of poison resistance (right hand)
 x - a +3 ring of protection (left hand)
Wands
 e - a wand of heal wounds (2)
 B - a wand of magic darts (36)
Scrolls
 p - 2 scrolls of magic mapping {unknown}
 t - 3 scrolls of identify {unknown}
 w - a scroll of teleportation {unknown}
 y - a scroll of amnesia {unknown}
 D - a scroll of remove curse {unknown}
 E - a scroll of blinking {unknown}
Potions
 b - 4 potions of curing
 c - a potion of agility
 d - 2 potions of might
 C - a potion of flight {unknown}
 F - a potion of resistance {unknown}
Comestibles
 f - 4 bread rations
 g - 2 chunks of flesh
 n - a royal jelly
 u - 4 fruits
 z - a meat ration


   Skills:
 - Level 3.2 Fighting
 + Level 6.3 Axes
 - Level 5.4 Armour
 - Level 4.0 Dodging
 - Level 5.2 Shields


You had 6 spell levels left.
You didn't know any spells.

Dungeon Overview and Level Annotations

Branches:
Dungeon (4/15)             Temple (1/1) D:4

Altars:
Cheibriados
Dithmenos
Gozag
Kikubaaqudgha
Nemelex Xobeh
Sif Muna
Xom
Zin
The Shining One


Innate Abilities, Weirdness & Mutations

You are resistant to damage.
You can recharge devices by infusing magical energy.
You passively map a small area around you.
You do not regenerate naturally.


Message History

2 ogres come into view.
The ogre shouts!
Found a sedimented blue potion.
You slash the ogre!
The ogre is moderately wounded.
The ogre hits you with a giant club.
You completely miss the ogre.
The ogre is moderately wounded.
The ogre hits you with a giant club!
You slash the ogre!
The ogre is almost dead.
The ogre hits you with a giant club!
* * * LOW HITPOINT WARNING * * *
You hit the ogre.
You kill the ogre!
Your Axes skill increases to level 6!
You slash the ogre!
The ogre is heavily wounded.
The ogre hits you with a giant club!
You die...

#.. #..
############# ##.#
...........!# #..#
* *#..........#
#.## #..........#
####... #.#
#####...... #O#
..##.###.. #@#
#.##.# #.. #.#
#.#..# #.. #.#
#...## #.. #.#
##....# #.. #.#
#..##.# #.. #.#
##.###.####.
#.#####..# #..>##.
##.##....## ###....
#..####..#########.


You could see an ogre.

Vanquished Creatures
  Grinder (D:4)
  A phantom (D:4)
  3 ogres (D:4)
  An orc priest (D:3)
  Ijyb (D:2)
  Jessica (D:2)
  Natasha (thrice) (D:3)
  3 worker ants (D:4)
  5 adders
  A gnoll (D:1)
  2 oozes (D:1)
  2 adder skeletons (D:4)
  2 worms (D:2)
  4 giant geckos
  4 orcs (D:3)
  6 bats
  4 goblins
  8 hobgoblins
  8 jackals
  A ball python (D:1)
  5 giant cockroaches
  3 giant newts
  3 kobolds
  2 quokkas
  6 rats
80 creatures vanquished.

Notes
Turn   | Place    | Note
--------------------------------------------------------------
     0 | D:1      | Mindmaker the Deep Dwarf Fighter began the quest for the Orb.
     0 | D:1      | Reached XP level 1. HP: 20/20 MP: 1/1
   120 | D:1      | Reached XP level 2. HP: 25/28 MP: 2/2
   157 | D:1      | Reached skill level 1 in Dodging
   200 | D:1      | Reached XP level 3. HP: 7/34 MP: 3/3
   689 | D:2      | Noticed Ijyb
   706 | D:2      | Killed Ijyb
   706 | D:2      | Reached XP level 4. HP: 35/42 MP: 4/4
   903 | D:2      | Reached skill level 4 in Dodging
  1049 | D:2      | Noticed Jessica
  1070 | D:2      | Killed Jessica
  1089 | D:2      | Found a deep blue altar of Sif Muna.
  1410 | D:3      | Reached XP level 5. HP: 49/49 MP: 5/5
  1504 | D:3      | Noticed Natasha
  1512 | D:3      | Killed Natasha
  1826 | D:3      | Noticed Natasha
  1830 | D:3      | Killed Natasha
  2042 | D:3      | Reached skill level 5 in Shields
  2043 | D:3      | Noticed Natasha
  2050 | D:3      | Killed Natasha
  2384 | D:4      | Noticed an ogre
  2432 | D:4      | Noticed a phantom
  2465 | D:4      | Killed a phantom
  2465 | D:4      | Reached XP level 6. HP: 27/56 MP: 6/6
  2512 | D:4      | Reached skill level 5 in Armour
  2591 | D:4      | Reached XP level 7. HP: 45/62 MP: 7/7
  2625 | D:4      | Found a staircase to the Ecumenical Temple.
  2663 | Temple   | Entered the Ecumenical Temple
  2791 | D:4      | Noticed Grinder
  2810 | D:4      | Killed Grinder
  2810 | D:4      | Reached skill level 5 in Axes
  3031 | D:4      | Reached skill level 6 in Axes
  3032 | D:4      | Slain by an ogre

Vault maps used:
D:1:      onia_arrival_pyramid
D:2:      lemuel_blue_sif_altar, uniq_iyjb, uniq_jessica
D:3:      first_bread, uniq_natasha
D:4:      kennysheep_goblin_castle, tgw_trog, minmay_temple_entry_overgrown,
          serial_park_tiny_pond, minmay_vboxes, uniq_grinder
Temple:   nicolae_temple_figure_zero

Action                   |  1- 3 |  4- 6 |  7- 9 || total
-------------------------+-------+-------+-------++-------
Melee: War axe           |    91 |   188 |    38 ||   317
Throw: Tomahawk          |       |    19 |    11 ||    30
Evoke: Wand              |     1 |     4 |       ||     5
  Use: Potion            |       |     1 |     5 ||     6
       Scroll            |       |       |     1 ||     1
  Eat: Chunk             |       |     6 |     2 ||     8
